 Dungeon Crawl Stone Soup version 0.28-a0-726-g4a9143789a (webtiles) character file.

Game seed: 17276588576231512645

0 meatgazer the Skirmisher (level 1, -8/18 HPs)
             Began as a Demonspawn Abyssal Knight on Oct 27, 2021.
             Was a Follower of Lugonu.
             Mangled by a raiju (9 damage)
             ... on level 1 of the Abyss.
             The game lasted 00:00:11 (97 turns).

meatgazer the Skirmisher (Demonspawn Abyssal Knight)  Turns: 97, Time: 00:00:12

Health: -8/18      AC:  3    Str: 13    XL:     1   Next: 0%
Magic:  2/2        EV: 11    Int: 11    God:    Lugonu [*.....]
Gold:   0          SH:  0    Dex: 13    Spells: 0/0 levels left

rFire   . . .      SeeInvis .   a - +1 falchion
rCold   . . .      Faith    .   (no shield)
rNeg    . . .      Spirit   .   b - +0 leather armour
rPois   .          Reflect  .   (no helmet)
rElec   .          Harm     .   (no cloak)
rCorr   .          Rampage  .   (no gloves)
Will    .....                   (no boots)
Stlth   +.........              (no amulet)
HPRegen 0.06/turn               (no ring)
MPRegen 0.08/turn               (no ring)

@: no status effects
A: no striking features
a: Renounce Religion, Depart the Abyss


You were on level 1 of the Abyss.
You worshipped Lugonu.
Lugonu was aware of your devotion.
You visited 0 branches of the dungeon, and saw 0 of its levels.
You visited the Abyss 1 time.

Inventory:

Hand Weapons
 a - a +1 falchion (weapon)
Armour
 b - a +0 leather armour (worn)


   Skills:
 + Level 3.0 Fighting
 + Level 1.7 Long Blades
 + Level 1.7 Armour
 + Level 0.8 Dodging
 + Level 2.4 Invocations


You couldn't memorise any spells.
You didn't know any spells.
Your spell library was empty.

Dungeon Overview and Level Annotations

Branches:
Dungeon (0/15)

Altars:


Message History

Welcome, meatgazer the Demonspawn Abyssal Knight.
They say the Orb of Zot lies within this dungeon, but they say a lot of things.
Lugonu says: Depart the Abyss and spread corruption, my servant! (use the ability menu to exit the Abyss) Press ? for a list of commands and other information.
Found a corrupted altar of Lugonu.
Found a gateway leading out of the Abyss.
You are suddenly pulled into a different region of the Abyss!
Found 22 stones.
Found 25 sling bullets.
A tentacled starspawn and a small abomination come into view.
A tentacle flies out from the starspawn's body!
A starspawn tentacle comes into view.
A ynoxinul comes into view.
The ynoxinul bellows!
You hear a bark!
A raiju comes into view.
The ynoxinul gestures.
The ufetubus shouts!
The ynoxinul gestures.
The ynoxinul gestures.
The raiju bursts into living lightning!
The living lightning hits you!
Ouch! That really hurt!
* * * LOW HITPOINT WARNING * * *
The raiju blinks!
You barely miss the raiju. The raiju barely misses you.
The ufetubus closely misses you. The ufetubus barely misses you.
The raiju bites you.
* * * LOW HITPOINT WARNING * * *
The raiju shocks you!
Ouch! That really hurt!
You die...

.
.##.###x#......#
...
...#....5....#.#
..
#........#..#.. .
ยง##....#.3.#....
..#######.##....#
..# .#
...##.#5##...# .
####
#..5#...###.# #
... # #..#...# .#
#.@55##...##
#.#h.# #.##
#..#..#..#
.####.# ## ## #.#
..# .#.. ##


You could see a raiju and 3 ufetubi.

Vanquished Creatures (others)
  2 starspawn tentacles (Abyss:1)
2 creatures vanquished.

Notes
Turn   | Place    | Note
-------+----------+-------------------------------------------
     0 | Abyss:1  | meatgazer the Demonspawn Abyssal Knight began the quest for
                  | the Orb.
     0 | Abyss:1  | Reached XP level 1. HP: 18/18 MP: 2/2
    85 | Abyss:1  | Noticed a tentacled starspawn
    85 | Abyss:1  | Noticed a small abomination
    87 | Abyss:1  | Noticed a ynoxinul
    87 | Abyss:1  | Noticed a raiju
    97 | Abyss:1  | Mangled by a raiju

Illustrated notes

Levels and vault maps discovered:
Abyss:1:  base: Temple, minivault_1, base:
Temple

Action                   || total
-------------------------++-------
Melee: Falchion          ||     1
Dodge: Dodged            ||     3

Table legend: (Time is in decaauts)
 A = Elapsed time spent in this place.
 B = Non-inter-level travel time spent in this place.
 C = Inter-level travel time spent in this place.
 D = Time resting spent in this place.
 E = Time spent auto-exploring this place.
 F = Levels seen in this place.
 G = Mean time per level.
                   A        B        C        D        E       F      G
               +--------+--------+--------+--------+--------+-----+--------+
         Total |     97 |     97 |      0 |      0 |     81 |   1 |   97.0 |
         Abyss |     97 |     97 |      0 |      0 |     81 |   1 |   97.0 |
               +--------+--------+--------+--------+--------+-----+--------+

Top non-repeatable levels by time:
 Abyss:1: 97 daAuts
